 Dungeon Crawl Stone Soup version 0.23.2-40-g277498a001 (webtiles) character file.

Game seed: 8661777163059944243

121 ANON1729 the Shooter (level 5, 0/32 HPs)
             Began as a Tengu Hunter on Oct 19, 2019.
             Killed by divine providence
             ... invoked by an orc priest
              (15 damage)
             ... on level 3 of the Dungeon.
             The game lasted 00:05:36 (2620 turns).

ANON1729 the Shooter (Tengu Hunter)                 Turns: 2620, Time: 00:05:38

Health: 0/32       AC:  3    Str: 17    XL:     5   Next: 5%
Magic:  0/6        EV: 13    Int: 11    God:
Gold:   72         SH:  0    Dex: 16    Spells: 4/4 levels left

rFire    . . .     SeeInvis .   a - +1 shortbow
rCold    . . .     Gourm    .   (shield currently unavailable)
rNeg     . . .     Faith    .   c - +0 leather armour
rPois    .         Spirit   +   (helmet restricted)
rElec    .         Reflect  .   (no cloak)
rCorr    .         Harm     .   (no gloves)
MR       .....     Rnd*Tele +   (boots unavailable)
Stlth    ++........             p - amulet of guardian spirit
HPRegen  0.10/turn              l - ring of teleportation (curse)
MPRegen  0.10/turn              n - ring of wizardry

@: mighty
A: beak, talons 3, able to fly
a: Fly


You were on level 3 of the Dungeon.
You were not hungry.

You visited 1 branch of the dungeon, and saw 3 of its levels.

You collected 72 gold pieces.

Inventory:

Hand Weapons
 a - a +1 shortbow (weapon)
 b - a +0 short sword
Missiles
 d - 8 arrows (quivered)
Armour
 c - a +0 leather armour (worn)
Jewellery
 l - a cursed ring of teleportation (left hand)
 n - a ring of wizardry (right hand)
 p - an amulet of guardian spirit (around neck)
Scrolls
 e - a scroll of teleportation
 k - a scroll of enchant weapon
 o - a scroll of remove curse {unknown}
Potions
 i - a potion of magic
 m - a potion of heal wounds {unknown}
Comestibles
 f - 3 rations
 g - 2 chunks of flesh


   Skills:
 * Level 3.1 Fighting
 + Level 1.4 Short Blades
 * Level 5.2 Bows
 + Level 2.8 Dodging
 + Level 2.1 Stealth


You had 4 spell levels left.
You didn't know any spells.
Your spell library was empty.

Dungeon Overview and Level Annotations

Branches:
Dungeon (3/15)

Altars:

Annotations:
D:2 Sigmund


Innate Abilities, Weirdness & Mutations

You have a beak for a mouth.
You have claws for feet.
You can fly continuously.


Message History

Your magical contamination has completely faded away.
You hit the bat.
You kill the bat!
You hit the orc. You claw the orc.
You kill the orc!
An orc priest comes into view. It is wielding a +0 whip.
Items here: (( )) †† Wield which item (- for none, * to show all)? (? for menu, Esc to quit)
a - a +1 shortbow (weapon)
You are too injured to fight recklessly!
Firing (i - inventory)
d - 9 arrows (quivered)
Press: ? - help, Shift-Dir - straight line, f - orc priest
Aim: an orc priest, wielding a +0 whip and wearing a +0 chain mail (hasn't noticed you)
You shoot an arrow. The orc priest shouts!
The arrow hits the orc priest but does no damage.
You hear a bark!
The orc priest mumbles some strange prayers to Beogh against you.
Beogh smites you!
You die...

######
###......
#.+......
#†#......
#@#......
+('......
#)#......
#.#...... #.#
.....
.......(..o....
..........#.###
.########.#.#
.#


You could see an orc priest.

Vanquished Creatures
  An adder (D:3)
  4 gnolls
  An ooze (D:2)
  3 dart slugs
  3 leopard geckos
  7 orcs (D:3)
  A ball python (D:2)
  A giant cockroach (D:2)
  6 goblins
  7 hobgoblins (D:1)
  8 jackals
  2 bats
  3 frilled lizards (D:1)
  3 kobolds
50 creatures vanquished.

Notes
Turn   | Place    | Note
-------+----------+-------------------------------------------
     0 | D:1      | ANON1729 the Tengu Hunter began the quest for the Orb.
     0 | D:1      | Reached XP level 1. HP: 12/12 MP: 2/2
    15 | D:1      | Reached XP level 2. HP: 12/17 MP: 3/3
  1066 | D:1      | Reached XP level 3. HP: 19/22 MP: 4/4
  1446 | D:1      | Reached skill level 1 in Short Blades
  1446 | D:1      | Reached XP level 4. HP: 10/27 MP: 5/5
  1647 | D:1      | Reached skill level 5 in Bows
  1911 | D:2      | Noticed Sigmund
  2612 | D:3      | Gained mutation: You can fly continuously. [Tengu growth]
  2612 | D:3      | Reached XP level 5. HP: 14/32 MP: 1/6
  2620 | D:3      | Killed from afar by an orc priest

Skill      XL: |  1  2  3  4 |
---------------+-------------+-----
Short Blades   | 1 |  1.4
Bows           | 5 |  5.2
Fighting       | 3 |  3.1
Stealth        | 2 |  2.1
Dodging        | |  2.8

Action                   |  1- 3 |  4- 6 || total
-------------------------+-------+-------++-------
Melee: Short sword       |    64 |    29 ||    93
       Kick              |    16 |     7 ||    23
       Peck              |    10 |     9 ||    19
 Fire: Shortbow          |    19 |    33 ||    52
  Use: Scroll            |       |     3 ||     3
       Potion            |       |     3 ||     3
 Stab: Sleeping          |     3 |       ||     3
  Eat: Chunk             |     1 |     4 ||     5
Armor: Leather armour    |    14 |     6 ||    20
Dodge: Dodged            |    43 |    40 ||    83
